 Dungeon Crawl Stone Soup version 0.24-a0-251-g44e327e (webtiles) character file.

Game seed: 3290104028606323357

1010 Borgoz the Slicer (level 8, 0/48 HPs)
             Began as a Kobold Gladiator on Apr 16, 2019.
             Was a Follower of Ashenzari.
             Shot with an arrow by a centaur (9 damage)
             ... on level 6 of the Dungeon.
             The game lasted 00:11:31 (5895 turns).

Borgoz the Slicer (Kobold Gladiator)                Turns: 5895, Time: 00:11:33

Health: 0/48       AC:  5    Str: 13    XL:     8   Next: 44%
Magic:  8/8        EV: 18    Int: 10    God:    Ashenzari [*.....]
Gold:   285        SH:  0    Dex: 20    Spells: 7/7 levels left

rFire    . . .     SeeInvis .   m - +0 rapier
rCold    . . .     Gourm    .   (shield restricted)
rNeg     . . .     Faith    .   b - +0 leather armour
rPois    .         Spirit   .   c - +0 helmet
rElec    .         Reflect  .   p - +0 cloak
rCorr    .         Harm     .   (no gloves)
MR       .....                  (no boots)
Stlth    +++.......             (no amulet)
HPRegen  0.16/turn              g - +4 ring of dexterity
MPRegen  0.11/turn              (no ring)

@: no status effects
A: small, carnivore
a: Curse Item, Scrying, Renounce Religion


You were on level 6 of the Dungeon.
You worshipped Ashenzari.
Ashenzari was aware of your devotion.
You were very full.

You visited 2 branches of the dungeon, and saw 7 of its levels.

You collected 285 gold pieces.

Inventory:

Hand Weapons
 a - a +0 rapier
 m - a +0 rapier (weapon)
Missiles
 d - a throwing net (quivered)
Armour
 b - a +0 leather armour (worn)
 c - a +0 helmet (worn)
 p - a +0 cloak (worn)
 r - the +1 robe of the Ladybird {rF+ Slay+2}
   (You found it on level 5 of the Dungeon)

   It affects your accuracy and damage with ranged weapons and melee attacks
   (+2).
   It protects you from fire.
Jewellery
 g - a +4 ring of dexterity (left hand)
Scrolls
 e - a scroll of identify
 h - a scroll of blinking {unknown}
 i - 7 scrolls of remove curse
 k - a scroll of teleportation {unknown}
 n - a scroll of magic mapping {unknown}
Potions
 j - 2 potions of haste
 l - a potion of brilliance {unknown}
 o - a potion of might {unknown}
 q - a potion of ambrosia
 s - a potion of heal wounds {unknown}
 t - a potion of mutation {unknown}
Comestibles
 f - 14 rations


   Skills:
 + Level 3.7 Fighting
 + Level 9.0 Short Blades
 + Level 2.5 Throwing
 + Level 2.2 Armour
 + Level 5.1 Dodging
 + Level 6.0 Stealth


You had 7 spell levels left.
You didn't know any spells.
Your spell library was empty.

Dungeon Overview and Level Annotations

Branches:
Dungeon (6/15)             Temple (1/1) D:5

Altars:
Ashenzari
Cheibriados
Dithmenos
Elyvilon
Gozag
Hepliaklqana
Kikubaaqudgha
Makhleb
Nemelex Xobeh
Okawaru
Qazlal
Ru
Uskayaw
Vehumet
Wu Jian
Xom
Yredelemnul
Zin
The Shining One

Shops:
D:5 [   D:6 :

Annotations:
D:6 Dowan, Edmund


Innate Abilities, Weirdness & Mutations

You are small and have problems with some larger weapons.
You are carnivorous and can eat meat at any time.


Message History

Edmund mutters, "Who needs spells, anyway?"
You open the door.
There is an open door here.
Dowan points at you and mumbles some strange words.
The puff of flame hits you!
Dowan points at you and mumbles some strange words.
The puff of flame hits you.
A centaur comes into view.
The centaur shouts!
You hear a shout!
The centaur wields a +0 shortbow.
The centaur shoots an arrow.
The arrow hits you.
You hear a shout!
You hear a shout!
The centaur shoots an arrow.
The arrow hits you!
The centaur shoots an arrow.
The arrow closely misses you.
The centaur shoots an arrow.
The arrow hits you!
* * * LOW HITPOINT WARNING * * *
You see here an arrow.
The centaur shoots an arrow.
The arrow hits you!
You die...

#@# #.............
##'###∩#..##.....
#...##.#..####.###..
###...##.#..e....c...
......##.#..#....###
......##.#..#....##
.....e......+.....#
....####.#..#...(##
.... #.#..####@#
....####.#..# #.#
............####.#
..................
###.####.##.####..
#.####.##.# ###.
#.........# .
............# .#
.###........#


You could see Dowan and a centaur.

Vanquished Creatures
  A sky beast (D:5)
  An ice beast (D:5)
  2 ogres
  A centaur (D:5)
  Blork the orc (D:5)
  A bullfrog (D:5)
  A quasit (D:5)
  2 orc wizards (D:4)
  2 bullfrog skeletons
  An iguana (D:4)
  A worker ant (D:5)
  4 gnolls (D:3)
  8 adders
  A shadow imp (D:5)
  An ooze (D:1)
  An adder skeleton (D:4)
  6 worms
  4 dart slugs
  4 leopard geckos
  11 orcs
  6 giant cockroaches
  4 goblins
  9 hobgoblins
  6 jackals
  A kobold (D:1)
  3 quokkas
  3 ball pythons
  A ball python skeleton (D:4)
  8 bats
  A frilled lizard (D:2)
  A leopard gecko skeleton (D:4)
  12 rats
109 creatures vanquished.

Notes
Turn   | Place    | Note
-------+----------+-------------------------------------------
     0 | D:1      | Borgoz the Kobold Gladiator began the quest for the Orb.
     0 | D:1      | Reached XP level 1. HP: 12/12 MP: 1/1
   145 | D:1      | Reached XP level 2. HP: 17/17 MP: 2/2
   369 | D:1      | Reached XP level 3. HP: 22/22 MP: 3/3
   417 | D:1      | Reached skill level 5 in Short Blades
   710 | D:2      | Found a shattered altar of Ashenzari.
  1230 | D:2      | Became a worshipper of Ashenzari the Shackled
  1337 | D:2      | Reached XP level 4. HP: 22/27 MP: 4/4
  1383 | D:2      | Reached skill level 1 in Stealth
  1847 | D:3      | Reached XP level 5. HP: 23/31 MP: 5/5
  2152 | D:3      | HP: 1/31 [gnoll/+0 halberd (11)]
  2491 | D:3      | Reached skill level 6 in Short Blades
  2514 | D:3      | Reached skill level 1 in Armour
  2778 | D:3      | Found a shadowy altar of Dithmenos.
  3506 | D:4      | Found an ancient bone altar of Kikubaaqudgha.
  3507 | D:4      | Found a snail-covered altar of Cheibriados.
  3509 | D:4      | Found a basalt altar of Yredelemnul.
  3509 | D:4      | Found a white marble altar of Elyvilon.
  3549 | D:4      | Noticed an ogre
  3559 | D:4      | Killed an ogre
  3559 | D:4      | Reached XP level 6. HP: 32/37 MP: 6/6
  3571 | D:4      | Reached skill level 7 in Short Blades
  3790 | D:4      | Reached XP level 7. HP: 41/41 MP: 7/7
  3857 | D:4      | Found a burning altar of Makhleb.
  3859 | D:4      | Found a radiant altar of Vehumet.
  3859 | D:4      | Found a sparkling altar of Nemelex Xobeh.
  3861 | D:4      | Found a stormy altar of Qazlal.
  3861 | D:4      | Found a stormy altar of Qazlal.
  3861 | D:4      | Found a shimmering altar of Xom.
  4017 | D:5      | Entered Level 5 of the Dungeon
  4024 | D:5      | Noticed Blork the orc
  4040 | D:5      | Killed Blork the orc
  4287 | D:5      | Reached skill level 8 in Short Blades
  4313 | D:5      | Reached skill level 5 in Stealth
  4391 | D:5      | Found an iron altar of Okawaru.
  4409 | D:5      | Reached XP level 8. HP: 16/46 MP: 8/8
  4992 | D:5      | Reached * piety under Ashenzari
  5007 | D:5      | Reached skill level 5 in Dodging
  5113 | D:5      | Found a staircase to the Ecumenical Temple.
  5123 | Temple   | Entered the Ecumenical Temple
  5365 | D:5      | Found Acwuocs's Antique Armour Emporium.
  5383 | D:5      | Got the uncursed robe of the Ladybird {rF+ Slay+2}
  5458 | D:5      | Reached skill level 9 in Short Blades
  5824 | D:6      | Found Hoasiyck's Book Emporium.
  5829 | D:6      | Noticed Dowan
  5868 | D:6      | Noticed Edmund
  5895 | D:6      | Shot with an arrow by a centaur

Levels and vault maps discovered:
D:1:      matt_arrival_diagonals, layout_loops_cross
D:2:      kennysheep_six_static_rooms, layout_rooms,
          nicolae_ashenzari_panopticon, first_ration
D:3:      layout_basic, nicolae_dithmenos_through_a_glass_darkly
D:4:      minmay_angry_zag, layout_basic,
          chequers_temple_overflow_statue_of_worship, doesnt_xom_only_xom
D:5:      layout_cave_pools, old_standard_altar, minmay_temple_entry_poolview,
          serial_shops, kennysheep_mini, uniq_blork_the_orc
D:6:      layout_basic, serial_shops, shop, uniq_edmund, uniq_sigmund,
          uniq_duvessa, uniq_crazy_yiuf_cottage
Temple:   minmay_temple_bridge_abc

Skill      XL: |  1  2  3  4  5  6  7  8 |
---------------+-------------------------+-----
Short Blades   | 5 6 7 8 9 |  9.0
Dodging        | 4 5 |  5.1
Stealth        | 1 2 3 5 6 |  6.0
Armour         | 1 2 |  2.2
Fighting       | 3 |  3.7
Throwing       | |  2.5

Action                   |  1- 3 |  4- 6 |  7- 9 || total
-------------------------+-------+-------+-------++-------
Melee: Rapier            |   105 |   220 |   147 ||   472
Throw: Throwing net      |       |     1 |     3 ||     4
  Use: Scroll            |       |     2 |     1 ||     3
       Potion            |       |     1 |     2 ||     3
 Stab: Sleeping          |     4 |     7 |     6 ||    17
       Held in net/web   |       |       |     1 ||     1
       Invisible         |       |       |     1 ||     1
  Eat: Chunk             |     9 |     9 |     4 ||    22
Armor: Leather armour    |    16 |    34 |    21 ||    71
Dodge: Dodged            |    71 |   160 |    90 ||   321

Table legend:
 A = Non-vault XP
 B = Vault XP
 C = Vault XP percentage of total XP
 D = Non-vault monster count
 E = Vault monster count
 F = Vault count percentage of total count
                 A         B        C        D         E       F
            +---------+---------+-------+---------+---------+-------
      Total |    1170 |     273 |  18.9 |     100 |       9 |   8.3
            +---------+---------+-------+---------+---------+-------
        D:1 |      44 |       0 |   0.0 |      23 |       0 |   0.0
        D:2 |      46 |      48 |  51.1 |      20 |       6 |  23.1
        D:3 |     115 |       0 |   0.0 |      20 |       0 |   0.0
        D:4 |     209 |     126 |  37.6 |      21 |       2 |   8.7
        D:5 |     753 |      99 |  11.6 |      15 |       1 |   6.2
        D:6 |       3 |       0 |   0.0 |       1 |       0 |   0.0
            +---------+---------+-------+---------+---------+-------
